 Dungeon Crawl Stone Soup version 0.30.0-5-g1a98f26d00 (webtiles) character file.

Game seed: 5771379872396523860

210 cforsyth the Magician (level 6, -5/43 HPs)
             Began as a Djinni Conjurer on May 9, 2023.
             Frozen to death by an endoplasm (7 damage)
             ... on level 3 of the Dungeon.
             The game lasted 00:06:12 (3108 turns).

cforsyth the Magician (Djinni Conjurer)             Turns: 3108, Time: 00:06:13

Health: -5/43      AC:  6    Str:  9    XL:     6   Next: 12%
Gold:   187        EV: 11    Int: 21    God:
                   SH:  5    Dex: 12

rFire   + + .        (no weapon)
rCold   x . .        (no shield)
rNeg    + . .        m - +0 leather armour "Urouf" {rN+ Str+3}
rPois   ∞            h - +0 helmet
rElec   .            s - +1 cloak
rCorr   .            (no gloves)
SInv    .            (boots unavailable)
Will    +....        f - amulet of reflection
Stlth   ++           o - ring of willpower
HPRegen 0.27/turn    (no ring)
MPRegen 0.00/turn

%: reflection, infuse magic (-6 HP)
@: flying, invisible
A: sickness immunity, fire resistance 2, cold vulnerability 1, float, innate
caster, HP casting, extra vitality 1
a: no special abilities


You were on level 3 of the Dungeon.
You visited 1 branch of the dungeon, and saw 4 of its levels.

You collected 187 gold pieces.

Inventory:

Missiles
 a - a throwing net
Armour
 h - a +0 helmet (worn)
 m - the +0 leather armour "Urouf" (worn) {rN+ Str+3}
   (You found it on level 2 of the Dungeon)

   Str:       It affects your strength (+3).
   rN:        It protects you from negative energy.
 s - a +1 cloak (worn)
Jewellery
 f - an amulet of reflection (around neck)
 o - a ring of willpower (left hand)
 t - a ring of fire
Scrolls
 b - 3 scrolls of identify {unknown}
 k - 2 scrolls of teleportation {unknown}
 l - 2 scrolls of fog {unknown}
 n - a scroll of brand weapon {unknown}
 q - a scroll of enchant weapon {unknown}
 r - a scroll of enchant armour {unknown}
Potions
 c - 2 potions of invisibility
 d - a potion of might {unknown}
 e - a potion of lignification {unknown}
 g - a potion of resistance {unknown}
 i - a potion of attraction {unknown}
 j - 2 potions of curing {unknown}
 p - a potion of degeneration {unknown}


   Skills:
 * Level 1.8 Fighting
 - Level 2.1 Dodging
 - Level 1.7 Stealth
 + Level 5.1 Spellcasting


You knew the following spells:

 Your Spells              Type           Power      Damage    Failure   Level
a - Magic Dart            Conj           100%       1d8       1%          1
b - Searing Ray           Conj           52%        2d6       2%          2
c - Dazzling Flash        Conj/Hex       52%        N/A       5%          3
d - Fulminant Prism       Conj/Hex       13%        3d9       19%         4
e - Iskenderun's Mystic   Conj/Tloc      26%        2d7       19%         4
f - Freeze                Ice            100%       1d10      1%          1
g - Scorch                Fire           52%        2d7       2%          2
Your spell library was empty.

Dungeon Overview and Level Annotations

Branches:
Dungeon (4/15)
 Temple: D:4-7

Altars:
Fedhas
Makhleb

Annotations:
D:2 1 runed translucent door, Crazy Yiuf
D:4 Grinder


Innate Abilities, Weirdness & Mutations

You are immune to sickness and miasma.
You are immune to poison.
Your flesh is very heat resistant. (rF++)
You are vulnerable to cold. (rC-)
You float through the air rather than walking.
You learn spells naturally, not from books.
Your magical power is your life essence.
You have superior vitality. (+4 MHP)


Message History

The iguana closely misses you. You block the endoplasm's attack.
The magic dart hits the iguana.
The iguana is heavily wounded.
You block the iguana's attack.
The endoplasm hits you but does no damage.
The magic dart hits the iguana.
The iguana is heavily wounded.
The iguana bites you. The endoplasm closely misses you.
The magic dart hits the iguana but does no damage.
The iguana is heavily wounded.
The iguana barely misses you.
The endoplasm hits you but does no damage.
The magic dart hits the iguana but does no damage.
The iguana is heavily wounded.
The iguana bites you! The endoplasm completely misses you.
You are too injured to fight recklessly!
You are too injured to fight recklessly!
You are too injured to fight recklessly!
Casting: Magic Dart (safe; 1% risk of failure)
Confirm with . or Enter, or press ? or * to list all spells.
Okay, then.
Unknown command.
The endoplasm hits you but does no damage.
Casting: Magic Dart (safe; 1% risk of failure)
Confirm with . or Enter, or press ? or * to list all spells.
Aiming: Magic Dart (safe; 1% risk of failure)
Press: ? - help, Shift-Dir - straight line, f/p - iguana
Aim: an iguana (heavily wounded, 100% to hit)
The magic dart hits the iguana but does no damage.
The iguana is heavily wounded.
The iguana bites you!
* * * LOW HITPOINT WARNING * * *
The endoplasm hits you.
* * * LOW HITPOINT WARNING * * *
It was a potion of invisibility.
You fade into invisibility!
The iguana closely misses you. The endoplasm freezes you.
You feel a terrible chill!
You die...

### #######.#
#...##..# #.#.....##
###########.........
#>l......#.....##.##
#.J@.....#.#...##.##
#..................#
#(.......####.)#....
#..(.....# ##.#.##.
#........# #.#.###
#........# #...#
########## ##..#
#..# #..#


You could see an iguana (unable to see you) and an endoplasm.

Vanquished Creatures
  A jelly (D:3)
  Natasha (twice) (D:2)
  Robin (D:2)
  3 adders
  2 worms
  5 orcs
  A bat (D:3)
  10 endoplasms
  A giant cockroach (D:2)
  17 goblins
  10 hobgoblins
  3 jackals
  A quokka (D:4)
  8 ball pythons
  2 frilled lizards (D:1)
  8 kobolds
  5 rats
80 creatures vanquished.

Notes
Turn   | Place    | Note
-------+----------+-------------------------------------------
     0 | D:1      | cforsyth the Djinni Conjurer began the quest for the Orb.
     0 | D:1      | cforsyth set off with the following spells memorised: Magic
                  | Dart, Searing Ray, Dazzling Flash, Fulminant Prism,
                  | Iskenderun's Mystic Blast.
     0 | D:1      | Reached XP level 1. HP: 15/15 MP: 0/0
    75 | D:1      | Reached XP level 2. HP: 18/21 MP: 0/0
   257 | D:1      | Reached XP level 3. HP: 7/26 MP: 0/0
   257 | D:1      | Learned a level 1 spell: Freeze
   951 | D:2      | Found a runed translucent door.
   952 | D:2      | Noticed Crazy Yiuf
  1017 | D:2      | Reached skill level 4 in Spellcasting
  1186 | D:2      | Reached skill level 1 in Fighting
  1186 | D:2      | Reached XP level 4. HP: 30/32 MP: 0/0
  1461 | D:2      | Noticed Robin
  1575 | D:2      | Noticed Natasha
  1579 | D:2      | Killed Natasha
  1592 | D:2      | Reached XP level 5. HP: 25/37 MP: 0/0
  1592 | D:2      | Learned a level 2 spell: Scorch
  1636 | D:2      | Killed Robin
  1884 | D:2      | Noticed Natasha
  1888 | D:2      | Killed Natasha
  1974 | D:2      | Identified the +0 leather armour "Urouf" {rN+ Str+3}
  2199 | D:3      | Found a blossoming altar of Fedhas.
  2199 | D:3      | Found a burning altar of Makhleb.
  2451 | D:3      | Found a faded altar of an unknown god.
  2451 | D:3      | Noticed a Hell Sentinel
  2599 | D:3      | Reached skill level 5 in Spellcasting
  2663 | D:4      | Reached XP level 6. HP: 41/43 MP: 0/0
  2797 | D:4      | Noticed Grinder
  3107 | D:3      | HP: 2/43 [endoplasm (2)]
  3108 | D:3      | Frozen to death by an endoplasm

Illustrated notes

Levels and vault maps discovered:
D:1:      amcnicky_arrival_gap_in_the_tavern_cellar, layout_loops_ring,
          minmay_tiny_reverse_x
D:2:      layout_basic, uniq_natasha, uniq_crazy_yiuf_cottage, uniq_robin
D:3:      layout_rooms, grunt_temple_overflow_open,
          dreamdust_ecumenical_altar_sealed_demon
D:4:      layout_rooms, uniq_grinder

Skill      XL: |  1  2  3  4  5 |
---------------+----------------+-----
Spellcasting   | 4 5 |  5.1
Fighting       | 1 |  1.8
Dodging        | |  2.1
Stealth        | |  1.7

Action                     |  1- 3 |  4- 6 || total
---------------------------+-------+-------++-------
   Cast: Magic Dart        |    66 |   115 ||   181
    Use: Potion            |       |     1 ||     1
 Armour: Robe              |       |     1 ||     1
         Leather armour    |       |     7 ||     7
  Dodge: Dodged            |     8 |    17 ||    25
  Block: Other             |       |     5 ||     5
